[Event "*** Titled Tuesday Blitz"]
[Site "Chess.com"]
[Date "2021.02.16"]
[Round "5"]
[White "LogoCzar"]
[Black "AlexNovitz"]
[Result "0-1"]
[WhiteElo "2365"]
[BlackElo "2208"]
[TimeControl "180+1"]
[EndTime "10:57:24 PST"]
[Termination "AlexNovitz won by resignation"]

1. e4 e6 2. d4 d5 3. Nc3 Nf6 4.
e5 Nfd7 5. f4 c5 6. Nf3 Nc6 7.
Be3 a6 8. Qd2 b5 9. dxc5 Bxc5 10. Bd3 Qb6 11. Bf2 h6 12. O-O Bxf2+ 13. Rxf2 Nc5 14. Ne2 b4 15. Ned4 a5 16. Nxc6 Qxc6 17. Nd4 Qb6 18. Qe3 Ba6 19. f5 Bxd3 20. cxd3 O-O-O 21. Rc1 Kb8 22. Rfc2 Rc8 23. Nb3 Na4 24. Qxb6+ Nxb6 25. Rxc8+ Rxc8 26. Rxc8+ Kxc8 27. fxe6 fxe6 28. Nxa5 Kd7 29.
Kf2 Na4 30. b3 Nc3 31. Ke3 Nxa2 32. Kd4 Nc1 33. g4 g5 34. Nb7 Nxb3+ 35. Ke3 Ke7 36. d4 Nc1 37. Kd2 Nb3+ 38. Kd3 Kd7 39. Nd6 Ke7 40.
h3 Na5 41. Nc8+ Kf7 42. Nd6+ Kg6 43. Nb5 Nc4 44. Kc2 b3+ 45. Kxb3 Nd2+ 46. Kb4 Ne4 47. Nc7 Kf7 48. Kb5 Nf2 49. Kc6 Ke7 50. Nxd5+ exd5 51. Kxd5 Nxh3 52. Kc6 Nf2 53. d5 Nxg4 54. d6+ Ke6 55.
d7 Nxe5+ 0-1

[Event "*** Titled Tuesday Blitz"]
[Site "Chess.com"]
[Date "2021.02.16"]
[Round "5"]
[White "Violord"]
[Black "Pintacara"]
[Result "1-0"]
[WhiteElo "2710"]
[BlackElo "2494"]
[TimeControl "180+1"]
[EndTime "10:57:28 PST"]
[Termination "Violord won on time"]

1. e4 c5 2. Nf3 e6 3. c3 Nf6 4. e5 Nd5 5. d4 d6 6. c4 Nb6 7. exd6 Bxd6 8. dxc5 Bxc5 9. Qxd8+ Kxd8 10. Nc3 Ke7 11. a3 a5 12. Ne4 N6d7 13. Nxc5 Nxc5 14. Be3 Nb3 15. Rd1 Nc6 16. Bd3 a4 17. O-O f6 18. Rfe1 e5 19. Nh4 Be6 20. Nf5+ Bxf5 21.
Bxf5 g6 22. Be4 Rhd8 23. f4 Rxd1 24. Rxd1 Rd8 25. Rxd8 Kxd8 26. Kf2 Kc7 27. Ke2 Nbd4+ 28.
Kd3 f5 29. Bxc6 Nxc6 30. fxe5 Nxe5+ 31. Kd4 Ng4 32. Bf4+ Kc6 33. h3 Nf6 34. Ke5 Ne4 35.
Be3 Nd6 36. Kd4 b5 37. cxb5+ Kxb5 38. Kd5 Ne4 39. Bd4 Nd2 40. Bg7 Nc4 41. Ke6 Ne3 42.
g3 1-0

[Event "*** Titled Tuesday Blitz"]
[Site "Chess.com"]
[Date "2021.02.16"]
[Round "5"]
[White "Politov_Pavel"]
[Black "vaishali2001"]
[Result "0-1"]
[WhiteElo "2407"]
[BlackElo "2583"]
[TimeControl "180+1"]
[EndTime "10:57:28 PST"]
[Termination "vaishali2001 won on time"]

1. e4 e5 2. Nf3 Nc6 3. d4 exd4 4.
Nxd4 Nf6 5. Nc3 Bb4 6. Nxc6 bxc6 7. Qd4 Qe7 8. f3 d5 9. Bg5 c5 10. Bb5+ Kf8 11. Qd3 d4 12. O-O-O Be6 13. e5 h6 14. exf6 gxf6 15. Bf4 dxc3 16. b3 Kg7 17. Kb1 a5 18. a3 Bxa3 19. Qxc3 a4 20. Qe3 axb3 21. Rd7 Bf5 22.
Qxb3 Bxd7 23. Bxd7 Qxd7 0-1

[Event "*** Titled Tuesday Blitz"]
[Site "Chess.com"]
[Date "2021.02.16"]
[Round "5"]
[White "korkmaz16"]
[Black "bogcsab"]
[Result "1-0"]
[WhiteElo "2385"]
[BlackElo "2157"]
[TimeControl "180+1"]
[EndTime "10:57:28 PST"]
[Termination "korkmaz16 won by checkmate"]

1. e4 d6 2. d4 Nf6 3. Nc3 g6 4. Nf3 Bg7 5. Be2 O-O 6. O-O Nbd7 7. Bg5 h6 8. Be3 e5 9. h3 c6 10. Qd2 Kh7 11. Rad1 Qe7 12. Rfe1 Nh5 13. g3 Nb6 14. Kh2 Qe8 15. dxe5 dxe5 16. Nh4 Nf6 17. Bc5 Rg8 18. f4 exf4 19. gxf4 Nxe4 20. Nxe4 Qxe4 21. Bd3 Qa4 22. f5 Qxh4 23. fxg6+ fxg6 24. Qg2 Bxb2 25. Re7+ Kh8 26. Bxg6 Qf4+ 27. Kh1 Bf5 28. Rh7# 1-0

[Event "*** Titled Tuesday Blitz"]
[Site "Chess.com"]
[Date "2021.02.16"]
[Round "5"]
[White "PaulfromSPb"]
[Black "Aleksey_Sorokin"]
[Result "1-0"]
[WhiteElo "2618"]
[BlackElo "2751"]
[TimeControl "180+1"]
[EndTime "10:57:29 PST"]
[Termination "PaulfromSPb won by resignation"]

1. e4 c6 2. d4 d5 3. Nd2 dxe4 4. Nxe4 Bf5 5. Ng3 Nf6 6. Nxf5 Qa5+ 7. c3 Qxf5 8. Bd3 Qg4 9. Qxg4 Nxg4 10. Nf3 Nd7 11. Bf4 e6 12. h3 Ngf6 13. O-O-O Be7 14. Rhe1 h6 15. Ne5 Nxe5 16. Bxe5 O-O-O 17. Kc2 Bd6 18. f4 Rhf8 19. Rf1 Ne8 20. f5 exf5 21. Bxf5+ Kc7 22.
Rde1 Rb8 23. Bg6 f6 24. Bxd6+ Kxd6 25. Rf3 Nc7 26. Rg3 Rbd8 27. c4 b6 28. Kc3 c5 29.
dxc5+ bxc5 30. Be4 f5 31. Rg6+ Kd7 32. Rxg7+ Kc8 33.
Bf3 Rg8 34. Ree7 Rxg7 35. Rxg7 Ne6 36. Rxa7 Rd6 37. Ra5 Kc7 38. Bd5 Kb6 39. Rb5+ Ka6 40. Bxe6 Rxe6 41. Rxc5 Re3+ 42. Kd2 f4 43. Rf5 Re4 44.
b3 1-0

[Event "*** Titled Tuesday Blitz"]
[Site "Chess.com"]
[Date "2021.02.16"]
[Round "5"]
[White "DenishevM"]
[Black "1977Ivan"]
[Result "0-1"]
[WhiteElo "2590"]
[BlackElo "2742"]
[TimeControl "180+1"]
[EndTime "10:57:29 PST"]
[Termination "1977Ivan won on time"]

1. d4 Nf6 2. c4 g6 3. Nc3 Bg7 4.
e4 d6 5. Nf3 Bg4 6. Be2 Bxf3 7.
Bxf3 e5 8. d5 h5 9. O-O Nbd7 10.
Be3 Bh6 11. Bxh6 Rxh6 12. Qd2 Rh8 13. b4 Kf8 14. Na4 Kg7 15. c5 a5 16. a3 axb4 17.
axb4 Ra7 18. c6 bxc6 19. dxc6 Nf8 20. Nc5 Qb8 21. Nb7 Ne6 22. Be2 Nd4 23. Rxa7 Qxa7 24. b5 Nxe4 25. Qe3 Nc3 26. Bc4 Ncxb5 27. Kh1 Qa4 28.
Bxb5 Qxb5 29. Rc1 Ra8 30. f4 Ne2 31. Re1 Nxf4 0-1

[Event "*** Titled Tuesday Blitz"]
[Site "Chess.com"]
[Date "2021.02.16"]
[Round "5"]
[White "Korchmar_Vasiliy"]
[Black "platy3"]
[Result "0-1"]
[WhiteElo "2618"]
[BlackElo "2847"]
[TimeControl "180+1"]
[EndTime "10:57:31 PST"]
[Termination "platy3 won on time"]

1. e4 c5 2. Nf3 e6 3. d4 cxd4 4.
Nxd4 Nc6 5. Nc3 Qc7 6. g3 a6 7.
Bg2 h5 8. h3 h4 9. g4 Nge7 10.
O-O Ng6 11. Nde2 Bc5 12. Kh1 b5 13. f4 b4 14. Nd5 exd5 15. exd5 Bb7 16. dxc6 Bxc6 17.
b3 Qb7 18. Bxc6 Qxc6+ 19. Kh2 O-O 20. Bb2 Rfe8 21. Nd4 Qe4 22. Nf5 Nxf4 23. Qf3 Qxf3 24. Rxf3 g5 25. Bf6 Re2+ 26. Kh1 Ne6 27. Nh6+ Kh7 28.
Nxf7 Rf8 29. Bxg5 Kg6 30. Rf6+ Kg7 31. Raf1 Nxg5 0-1

[Event "*** Titled Tuesday Blitz"]
[Site "Chess.com"]
[Date "2021.02.16"]
[Round "5"]
[White "Onischuk_V"]
[Black "ENajer77"]
[Result "1-0"]
[WhiteElo "2857"]
[BlackElo "2620"]
[TimeControl "180+1"]
[EndTime "10:57:33 PST"]
[Termination "Onischuk_V won by resignation"]

1. Nf3 d5 2. g3 Bf5 3. Bg2 e6 4. c4 c6 5. cxd5 exd5 6. O-O Nf6 7. d3 Be7 8. Qb3 Nbd7 9. Nd4 Nc5 10. Qc2 Bg6 11.
Nc3 O-O 12. h3 Ne6 13. Nxe6 fxe6 14. e4 Nd7 15. Qe2 Bf6 16. f4 Bd4+ 17. Kh2 Nc5 18. Bd2 b5 19. Rac1 b4 20. Nd1 Qb6 21. Be3 Bxe3 22. Qxe3 Nd7 23. Qxb6 axb6 24. Rxc6 dxe4 25. dxe4 Nc5 26. Rxb6 Bxe4 27. Bxe4 Nxe4 28. Rxb4 Nc5 29. Nc3 e5 30. Rb5 Nd3 31. Rd1 Nf2 32. Rd2 exf4 33.
Rxf2 1-0

[Event "*** Titled Tuesday Blitz"]
[Site "Chess.com"]
[Date "2021.02.16"]
[Round "5"]
[White "rychessmaster1"]
[Black "ljuks68"]
[Result "1-0"]
[WhiteElo "2553"]
[BlackElo "2386"]
[TimeControl "180+1"]
[EndTime "10:57:33 PST"]
[Termination "rychessmaster1 won by checkmate"]

1. d4 d5 2. Nc3 Nf6 3. Bf4 Bf5 4. f3 e6 5. g4 Bg6 6. h4 h6 7. e3 Bb4 8. Bd3 Bxd3 9. cxd3 c5 10. dxc5 Bxc5 11.
d4 Bd6 12. Nge2 Nc6 13. Kf2 h5 14. g5 Ng8 15. g6 f6 16. Qb3 Nge7 17. Bxd6 Qxd6 18.
Nf4 a6 19. Rac1 Na5 20. Qa4+ Nec6 21. Nce2 e5 22. Nd3 O-O 23. Rc5 b6 24. Rcc1 b5 25. Qc2 exd4 26. Nxd4 Nxd4 27. exd4 Qb6 28. Qc5 Qe6 29. Nf4 Qf5 30. Qxd5+ Qxd5 31. Nxd5 Rfd8 32.
Ne7+ Kf8 33. Nf5 Rd5 34. Ne3 Rxd4 35. Rc7 Rd2+ 36. Kg3 Re8 37. Nf5 Nc4 38. Rf7+ Kg8 39. Rxg7+ Kf8 40. Rf7+ Kg8 41. Nh6+ Kh8 42. Rh7# 1-0

[Event "*** Titled Tuesday Blitz"]
[Site "Chess.com"]
[Date "2021.02.16"]
[Round "5"]
[White "jaramsdal"]
[Black "cstevens1"]
[Result "0-1"]
[WhiteElo "2301"]
[BlackElo "2632"]
[TimeControl "180+1"]
[EndTime "10:57:33 PST"]
[Termination "cstevens1 won by resignation"]

1. d4 Nf6 2. c4 Nc6 3. d5 Ne5 4. Qc2 e6 5. f4 Ng6 6. e4 Bb4+ 7. Nc3 exd5 8. cxd5 O-O 9. Bd3 c6 10.
dxc6 bxc6 11. Ne2 d5 12. e5 Nd7 13. O-O Nc5 14. Bxg6 hxg6 15. a3 Bf5 16. Qd2 Bxc3 17. Qxc3 Ne4 18. Qxc6 Rc8 19. Qa4 Rc4 20. Qb3 Nc5 21. Qg3 d4 22. Rd1 d3 23. Nc3 Nb3 24.
Ra2 d2 25. Bxd2 Nxd2 26. Qe3 Rd4 27. b4 Nb3 28. Rxd4 Qxd4 29. Qxd4 Nxd4 30. Nd5 Rd8 31. Ne7+ Kf8 32. Nxf5 gxf5 33. Kf2 Ne6 34. Ke3 Rd4 35. g3 g5 36. fxg5 Re4+ 37. Kd3 Nxg5 38. Rc2 Nf3 39.
Rc8+ Kg7 40. Rc7 Nxe5+ 41. Kd2 Nc4+ 42. Kd3 Nxa3 43. Rxa7 Nb5 44. Rd7 Rxb4 45. Ke3 Kg6 46. Rd3 Nc7 47. h4 Ne6 48. Kf3 Rb1 49. Ra3 Rd1 50.
Ke2 Rb1 51. Kf3 Rb4 52. Ke2 Nc5 53. Kf3 Rb3+ 54. Rxb3 Nxb3 55. Kf4 Nd4 56. h5+ Kxh5 57. Ke5 Kg4 58. Kxd4 Kxg3 59. Ke3 f4+ 60. Ke2 Kg2 0-1

[Event "*** Titled Tuesday Blitz"]
[Site "Chess.com"]
[Date "2021.02.16"]
[Round "5"]
[White "Stewie_89"]
[Black "AlexeiShirov"]
[Result "0-1"]
[WhiteElo "2609"]
[BlackElo "2840"]
[TimeControl "180+1"]
[EndTime "10:57:34 PST"]
[Termination "AlexeiShirov won by resignation"]

1. e4 e5 2. Nf3 Nc6 3. Bb5 a6 4. Ba4 Nf6 5. d3 d6 6. c3 g6 7.
h3 Bg7 8. O-O O-O 9. Nbd2 Nh5 10. Re1 f5 11. Nf1 fxe4 12. dxe4 Nf4 13. Bxf4 Rxf4 14. Ne3 Kh8 15. Nd5 Rf8 16. Nh2 Ne7 17. c4 c6 18. Ne3 b5 19. Bb3 Bb7 20. a4 b4 21. c5 d5 22. Qd2 Qa5 23. Rac1 Rad8 24.
exd5 cxd5 25. Neg4 e4 26. f3 Nf5 27. c6 Bd4+ 28. Ne3 Bxe3+ 29. Rxe3 Qb6 30. cxb7 Nxe3 31. Kh1 d4 32. fxe4 Qxb7 33. Bd5 Nxd5 34. exd5 Qxd5 35.
Qd3 a5 36. Nf3 Qf5 37. Qd2 d3 38. Rc7 Qf4 39. Rc5 Qxd2 40. Nxd2 Rf2 41. Nb3 0-1

[Event "*** Titled Tuesday Blitz"]
[Site "Chess.com"]
[Date "2021.02.16"]
[Round "5"]
[White "SchmakAttack"]
[Black "krzyzan94"]
[Result "0-1"]
[WhiteElo "2594"]
[BlackElo "2762"]
[TimeControl "180+1"]
[EndTime "10:57:34 PST"]
[Termination "krzyzan94 won by resignation"]

1. e4 e5 2. Nf3 Nc6 3. Bc4 Nf6 4.
d3 Bc5 5. c3 a6 6. O-O Ba7 7. a4 d6 8. Re1 O-O 9. h3 h6 10. Nbd2 Re8 11. Nf1 Be6 12. Bxe6 Rxe6 13. b4 d5 14. Qc2 Qd7 15. Ng3 Rd8 16. b5 Ne7 17. c4 dxe4 18. dxe4 Qd3 19. Qxd3 Rxd3 20. Bb2 Ng6 21. Rad1 Nf4 22. Bxe5 Rxf3 23. gxf3 Rxe5 24. Rd8+ Kh7 25. Rc8 Bb6 26. Nf5 Nd3 27. Re2 Nh5 28. Rd2 Nhf4 29. Kf1 axb5 30. cxb5 g6 31.
Ne3 Rh5 32. Rd8 Rxh3 0-1

[Event "*** Titled Tuesday Blitz"]
[Site "Chess.com"]
[Date "2021.02.16"]
[Round "5"]
[White "DamianoLew95"]
[Black "Sanyura"]
[Result "1-0"]
[WhiteElo "2606"]
[BlackElo "2731"]
[TimeControl "180+1"]
[EndTime "10:57:35 PST"]
[Termination "DamianoLew95 won by resignation"]

1. e4 c5 2. Nf3 e6 3. d3 Nc6 4. g3 d5 5. Qe2 Nge7 6. Bg2 g6 7.
O-O Bg7 8. Re1 b6 9. c4 O-O 10. h4 Ba6 11. Nc3 Nd4 12. Nxd4 cxd4 13. Nb5 dxc4 14. dxc4 Nc6 15. e5 Nxe5 16. Bf4 d3 17. Qe4 Nxc4 18. Qxc4 Rc8 19. Qb3 Rc2 20. Nc3 Qc8 21. Qa3 d2 22. Red1 Rxb2 23. Qxb2 Bxc3 24.
Qa3 Bxa1 25. Rxa1 Qc2 26. Qb3 Qc1+ 27. Rxc1 dxc1=Q+ 28.
Bxc1 1-0

[Event "*** Titled Tuesday Blitz"]
[Site "Chess.com"]
[Date "2021.02.16"]
[Round "5"]
[White "Ze-Pequeno"]
[Black "annacramling"]
[Result "1-0"]
[WhiteElo "2286"]
[BlackElo "2114"]
[TimeControl "180+1"]
[EndTime "10:57:36 PST"]
[Termination "Ze-Pequeno won by resignation"]

1. e4 c5 2. Nf3 Nc6 3. d4 cxd4 4. Nxd4 Nf6 5. Nc3 e6 6. Ndb5 d6 7. Bf4 e5 8. Bg5 a6 9. Na3 b5 10. Bxf6 gxf6 11. Nd5 f5 12. c3 Bg7 13. exf5 Bxf5 14. Nc2 Be6 15. Nce3 O-O 16. Bd3 f5 17. Qh5 e4 18. Bc2 Ne5 19. Rd1 Rc8 20. O-O Qe8 21. Qxe8 Rfxe8 22. Nf4 Bc4 23. Bb3 Bxb3 24. axb3 Bh6 25.
Nfd5 f4 26. Nf6+ Kf7 27. Nxe8 fxe3 28. Nxd6+ Ke6 29. fxe3 Bxe3+ 30. Kh1 Rd8 31. Nxe4 Rxd1 32. Rxd1 Ng4 33. h3 Nh6 34. Rd3 Nf5 35. g4 Ke5 36.
gxf5 Kxe4 37. Rxe3+ 1-0

[Event "*** Titled Tuesday Blitz"]
[Site "Chess.com"]
[Date "2021.02.16"]
[Round "5"]
[White "GOGIEFF"]
[Black "MITerryble"]
[Result "1-0"]
[WhiteElo "2908"]
[BlackElo "2923"]
[TimeControl "180+1"]
[EndTime "10:57:37 PST"]
[Termination "GOGIEFF won on time"]

1. d4 e6 2. c4 Bb4+ 3. Nc3 c5 4. e3 Bxc3+ 5. bxc3 Qa5 6. Bd2 Nf6 7. Bd3 d6 8.
f4 Qc7 9. Nf3 d5 10. cxd5 exd5 11. c4 dxc4 12. Bxc4 O-O 13. Rc1 b6 14. O-O Bb7 15.
Ne5 Nc6 16. Bc3 Rad8 17. Qb3 Ne4 18. d5 Ne7 19. Rcd1 Nf5 20. Ba1 Nfd6 21. Bd3 f6 22.
Qc2 Bxd5 23. Ng4 Qb7 24. Rf3 Rfe8 25. Rh3 Nf5 26. Rh5 Nfd6 27. Bxf6 gxf6 28. Rxd5 1-0

[Event "*** Titled Tuesday Blitz"]
[Site "Chess.com"]
[Date "2021.02.16"]
[Round "5"]
[White "ClydeHillKid"]
[Black "sergeikim"]
[Result "1/2-1/2"]
[WhiteElo "2371"]
[BlackElo "2520"]
[TimeControl "180+1"]
[EndTime "10:57:38 PST"]
[Termination "Game drawn by repetition"]

1. e4 e5 2. Nf3 Nc6 3. Bc4 Bc5 4. c3 Nf6 5. d3 d6 6. Bb3 a6 7. Nbd2 Ba7 8. Nf1 O-O 9. Ng3 h6 10. O-O Be6 11. d4 exd4 12. cxd4 Bxb3 13. axb3 Re8 14.
Re1 Qd7 15. h3 Rad8 16. Qd3 Nb4 17. Qc4 c5 18. Bd2 Nc6 19. d5 Nd4 20. Nxd4 cxd4 21. Qd3 Re5 22. f4 Ree8 23. b4 Bb6 24. Kh2 Rc8 25.
Rac1 Rxc1 26. Rxc1 Rc8 27. Rc4 Re8 28. b3 Qe7 29.
Rc1 Qd7 30. Kg1 Qe7 31. Re1 Qd7 32. Rc1 Qe7 33. Re1 Qd7 34. Rc1 1/2-1/2

[Event "*** Titled Tuesday Blitz"]
[Site "Chess.com"]
[Date "2021.02.16"]
[Round "5"]
[White "CraiggoryC"]
[Black "BigAl"]
[Result "0-1"]
[WhiteElo "2227"]
[BlackElo "2469"]
[TimeControl "180+1"]
[EndTime "10:57:38 PST"]
[Termination "BigAl won on time"]

1. e4 c6 2. Nf3 d5 3. e5 Bf5 4. d4 e6 5. Be2 Ne7 6. O-O Ng6 7. c4 dxc4 8. Nbd2 Nf4 9. Bxc4 Nd7 10. Nb3 Nb6 11. Bxf4 Nxc4 12. Qc1 Nb6 13. Nc5 Qc7 14. Nh4 Bg6 15. Nxg6 hxg6 16. Rd1 Nd5 17. Bg3 Bxc5 18.
Qxc5 Qe7 19. Rac1 Qxc5 20. dxc5 O-O-O 21. Rd4 Ne7 22. Rxd8+ Kxd8 23. f3 Kc7 24. Rd1 Nd5 25. Kf2 g5 26. Rd4 Kd7 27. Rg4 f6 28. exf6 gxf6 29. Bd6 e5 30. Ra4 a6 31. Ra3 Ke6 32. Rb3 Rh7 33. h3 Nf4 34. Rb6 Kd5 35. Rb3 Kd4 36.
Rb4+ Kd3 37. Rb3+ Kc2 38. Rb6 Nd3+ 39. Ke3 Nxb2 0-1

[Event "*** Titled Tuesday Blitz"]
[Site "Chess.com"]
[Date "2021.02.16"]
[Round "5"]
[White "Fortitudine"]
[Black "milenapn"]
[Result "1-0"]
[WhiteElo "2335"]
[BlackElo "2101"]
[TimeControl "180+1"]
[EndTime "10:57:39 PST"]
[Termination "Fortitudine won by checkmate"]

1. c4 g6 2. g3 Bg7 3. Bg2 Nf6 4. Nc3 d6 5. e4 O-O 6. d3 Nbd7 7. Nge2 e5 8. O-O c6 9. h3 Ne8 10. Be3 f5 11.
Qd2 Nef6 12. d4 Qe7 13. exf5 gxf5 14. dxe5 dxe5 15. Rad1 Nc5 16. Qd6 Qxd6 17. Rxd6 Ne6 18. Rfd1 Rf7 19. f4 Bf8 20. R6d2 e4 21. Nd4 Nc5 22.
Bf1 Rg7 23. Kh2 Nh5 24. Rg2 Rf7 25. b4 Ne6 26. a3 Nxd4 27. Bxd4 Be6 28. Be3 Bg7 29.
Na4 b6 30. Be2 Nf6 31. g4 fxg4 32. hxg4 b5 33. cxb5 Bb3 34. Rd6 Bxa4 35. Bc4 Bxb5 36.
Bxf7+ Kxf7 37. g5 Ne8 38. Rd7+ Kf8 39. Bc5+ Kg8 40. f5 Bf8 41. g6 Bxc5 42. gxh7+ Kh8 43. Rg8# 1-0

[Event "*** Titled Tuesday Blitz"]
[Site "Chess.com"]
[Date "2021.02.16"]
[Round "5"]
[White "rynos0411"]
[Black "grandcoach"]
[Result "1-0"]
[WhiteElo "2469"]
[BlackElo "2237"]
[TimeControl "180+1"]
[EndTime "10:57:42 PST"]
[Termination "rynos0411 won by resignation"]

1. d4 Nf6 2. c4 e6 3. Nf3 d5 4. Nc3 c5 5. cxd5 Nxd5 6. e4 Nxc3 7. bxc3 cxd4 8. cxd4 Nc6 9. Bc4 Bb4+ 10. Bd2 Bxd2+ 11.
Qxd2 O-O 12. O-O b6 13. Rfd1 Bb7 14. Rac1 Rc8 15. h3 Qd6 16. Qe2 Rfd8 17. d5 exd5 18.
Bxd5 Qe7 19. Qe3 Nb4 20. Bxb7 Qxb7 21. a3 Rxd1+ 22. Rxd1 Nc2 23. Qd3 h6 24. Rc1 Qc7 25.
Ne1 Rd8 26. Qxc2 Qxc2 27. Rxc2 Rd1 28. Kf1 Ra1 29. Rc3 a6 30. Ke2 b5 31. Nc2 Ra2 32. Kd3 a5 33. Rc5 b4 34. axb4 axb4 35. Rb5 Rb2 36. Rxb4 1-0

[Event "*** Titled Tuesday Blitz"]
[Site "Chess.com"]
[Date "2021.02.16"]
[Round "5"]
[White "elextranjero00"]
[Black "Zkid"]
[Result "0-1"]
[WhiteElo "2633"]
[BlackElo "2817"]
[TimeControl "180+1"]
[EndTime "10:57:43 PST"]
[Termination "Zkid won by resignation"]

1. d4 d5 2. c4 dxc4 3. Nf3 Nf6 4. e3 e6 5. Bxc4 c5 6. O-O a6 7. dxc5 Qxd1 8. Rxd1 Bxc5 9. b3 b6 10. Bb2 Bb7 11. Ne5 Nbd7 12. Nd2 Nxe5 13. Bxe5 Ke7 14.
Be2 Rhd8 15. Nc4 a5 16. a4 Bd5 17. Bc7 Rdc8 18. Bxb6 Bxc4 19. Bxc5+ Rxc5 20. Bxc4 Ne4 21. Rd4 Nd6 22. Rad1 Nxc4 23. bxc4 Ra7 24. Kf1 Rb7 25. Ke2 f5 26. f4 Kf6 27. R1d2 Rb4 28. Ra2 Rcxc4 29. Rxc4 Rxc4 30. Kd3 Re4 31. g3 h6 32. Kd2 g5 33. Kd3 e5 34. fxe5+ Kxe5 35. Kd2 Rb4 36. Kd3 Rb3+ 37. Kd2 Ke4 38. Rc2 Rd3+ 39.
Kc1 Rd5 40. Rc4+ Kxe3 41. Rc6 h5 42. Rf6 f4 43. gxf4 gxf4 0-1

[Event "*** Titled Tuesday Blitz"]
[Site "Chess.com"]
[Date "2021.02.16"]
[Round "5"]
[White "lukas_111111"]
[Black "cassoulet"]
[Result "0-1"]
[WhiteElo "2579"]
[BlackElo "2738"]
[TimeControl "180+1"]
[EndTime "10:57:43 PST"]
[Termination "cassoulet won by checkmate"]

1. d4 d5 2. c4 e5 3. dxe5 d4 4. Nf3 Nc6 5. a3 a5 6. Nbd2 Bf5 7. g3 Qd7 8. Bg2 h5 9. h4 a4 10. O-O Bh3 11. b4 Bxg2 12. Kxg2 Nh6 13. b5 Ne7 14. Ne4 Nef5 15. Qd3 Ng4 16. Bf4 Be7 17. Rad1 Rd8 18.
Qc2 O-O 19. Qxa4 Ra8 20. Qc2 Rxa3 21. Qb2 Rfa8 22. Nxd4 Ra2 23. Qc3 Nxd4 24. Rxd4 Qf5 25. Qf3 R8a3 26. Rd3 Nxe5 27. Bxe5 Qxe5 28. Rfd1 Ra8 29.
Rd5 Qe6 30. Rd7 Bd6 31. R1xd6 cxd6 32. Rxb7 Rf8 33. Ng5 Qxe2 34. Qxe2 Rxe2 35. Rd7 f6 36. Nf3 Rc8 37. b6 Rb2 38. b7 Rb8 39. Rxd6 R8xb7 40. Rd5 Rc2 41. Rxh5 Rbb2 42. Nd4 Rxf2+ 43. Kh3 g6 44. Rd5 f5 45. h5 Rh2# 0-1

[Event "*** Titled Tuesday Blitz"]
[Site "Chess.com"]
[Date "2021.02.16"]
[Round "5"]
[White "Ajedrez_con_German"]
[Black "GameOverBro"]
[Result "0-1"]
[WhiteElo "2596"]
[BlackElo "2437"]
[TimeControl "180+1"]
[EndTime "10:57:44 PST"]
[Termination "GameOverBro won by resignation"]

1. Nf3 d5 2. e3 Bg4 3. Be2 Nf6 4. b3 e6 5. Bb2 Bd6 6. O-O Nbd7 7. c4 c6 8. cxd5 exd5 9. d3 O-O 10. a3 a5 11. Nbd2 Re8 12. Re1 Qe7 13. Qc2 Rac8 14. Bc3 Bxa3 15. Bxa5 Ra8 16. Bc3 Bb4 17.
Bf1 Qc5 18. Rxa8 Rxa8 19. Rc1 Bxc3 20. Qxc3 Qxc3 21. Rxc3 Ra1 22. b4 Kf8 23. h3 Bxf3 24. Nxf3 Ke7 25. Nd4 g6 26. b5 c5 27. Nb3 Ra3 28. Be2 d4 29. exd4 cxd4 30. Rc7 Rxb3 31.
Rxb7 Nd5 32. Bf3 Nb6 33. Bc6 Rxd3 34. Ra7 Rd1+ 35. Kh2 d3 36. Bf3 Rb1 37. Ra3 Ne5 38. Ra7+ Kf8 39. Be4 Rxb5 40. f4 Rb4 41. Bxd3 Nxd3 0-1

[Event "*** Titled Tuesday Blitz"]
[Site "Chess.com"]
[Date "2021.02.16"]
[Round "5"]
[White "Ranindu2003"]
[Black "Walter_White_Poland"]
[Result "1-0"]
[WhiteElo "2574"]
[BlackElo "2350"]
[TimeControl "180+1"]
[EndTime "10:57:44 PST"]
[Termination "Ranindu2003 won by resignation"]

1. e4 e5 2. Nf3 Nc6 3. Bc4 Nf6 4. d3 d5 5. exd5 Nxd5 6. O-O Nb6 7.
Bb5 Bd6 8. d4 exd4 9. Re1+ Be6 10.
Nxd4 O-O 11. Nxc6 bxc6 12. Bxc6 Bd5 13. Bxd5 Nxd5 14. c4 Nb6 15. Qg4 Re8 16. Rf1 Be5 17.
Nc3 Bxc3 18. bxc3 Qd7 19. Qxd7 Nxd7 20. Be3 Ne5 21. c5 Nc4 22. Bd4 f6 23. Rfe1 Kf7 24.
h4 c6 25. Rab1 Rxe1+ 26. Rxe1 Re8 27. Rb1 Nd2 28. Rb7+ Re7 29. Rb8 h5 30. f3 Re2 31.
Rc8 Nc4 32. Rc7+ Ke6 33. Rxa7 g5 34. hxg5 fxg5 35. Rg7 Kf5 36. Rf7+ Ke6 37. Rf6+ Kd5 38. Rf5+ Ke6 39. Rxg5 h4 40. Rh5 Rxa2 41. Rxh4 Nd2 42. Rh6+ Kd5 43. Rd6+ Kc4 44. Rxc6 Ra1+ 45. Kf2 Ra2 46. Kg3 Nf1+ 47. Kh3 Ra8 48. Rh6 Rg8 49. g4 Nd2 50. c6 Nxf3 51. c7 Nxd4 52. cxd4 Kxd4 53.
Rd6+ Kc5 54. Rd8 Rg7 55. c8=Q+ 1-0

[Event "*** Titled Tuesday Blitz"]
[Site "Chess.com"]
[Date "2021.02.16"]
[Round "5"]
[White "kidagent"]
[Black "djano"]
[Result "0-1"]
[WhiteElo "2306"]
[BlackElo "2479"]
[TimeControl "180+1"]
[EndTime "10:57:46 PST"]
[Termination "djano won by resignation"]

1. e4 c5 2. Nf3 Nc6 3. d4 cxd4 4. Nxd4 g6 5. Nc3 Bg7 6. Be3 Nf6 7. Be2 O-O 8. Nb3 b6 9. O-O Bb7 10. f4 d6 11. h3 Nd7 12. Qd2 Nc5 13. Bf3 Rc8 14.
Rae1 e6 15. g4 Qe7 16. f5 Ne5 17. Bg2 Nc4 18. Qc1 Nxe3 19. Qxe3 Qh4 20. Nd4 d5 21. e5 Bh6 22. Qf2 Qxf2+ 23. Rxf2 gxf5 24. gxf5 Bg5 25. Nf3 Bf4 26. Rd1 Ne4 27. Nxe4 dxe4 28. Nd4 Be3 29. f6 Rfd8 30. c3 Rc5 31. Re1 Bxf2+ 32. Kxf2 Rxe5 33. Ke3 Kf8 34. Rg1 Rg5 35.
h4 Rg4 0-1

[Event "*** Titled Tuesday Blitz"]
[Site "Chess.com"]
[Date "2021.02.16"]
[Round "5"]
[White "Ladislav1969"]
[Black "The_Machine04"]
[Result "0-1"]
[WhiteElo "2310"]
[BlackElo "2448"]
[TimeControl "180+1"]
[EndTime "10:57:46 PST"]
[Termination "The_Machine04 won on time"]

1. e4 d6 2. d4 Nf6 3. Nc3 e5 4. Nf3 Nbd7 5. Bc4 Be7 6. O-O c6 7. Re1 h6 8. a4 Qc7 9. Bf1 Nf8 10. dxe5 dxe5 11. Nh4 g6 12. g3 Be6 13. Be3 Rd8 14. Qc1 Ng4 15. Ng2 Nxe3 16. Nxe3 Nd7 17. Bc4 Bxc4 18. Nxc4 Kf8 19. Qe3 a5 20. Rad1 Kg7 21. Rd3 Nc5 22. Rxd8 Rxd8 23. b3 Ne6 24. Rd1 Bc5 25. Qe1 Rxd1 26. Qxd1 Nd4 27. Ne2 b5 28.
Nxd4 Bxd4 29. Nd2 Qd6 30. Qe2 bxa4 31. bxa4 Qb4 32. Nb3 Qxa4 33. Qa6 Bc3 34. Nc5 Qb5 35. Qa7 a4 36. Nxa4 Bd4 37. Qa8 Qb1+ 38. Kg2 Qxc2 0-1

[Event "*** Titled Tuesday Blitz"]
[Site "Chess.com"]
[Date "2021.02.16"]
[Round "5"]
[White "Danfii"]
[Black "picturesquecheck"]
[Result "1-0"]
[WhiteElo "2416"]
[BlackElo "2237"]
[TimeControl "180+1"]
[EndTime "10:57:46 PST"]
[Termination "Danfii won by resignation"]

1. e4 c5 2. Nf3 Nc6 3. d4 cxd4 4.
Nxd4 Nf6 5. Nc3 d6 6. Bg5 e6 7. Qd2 a6 8. O-O-O h6 9. Nxc6 bxc6 10. Bf4 d5 11. Kb1 Bb4 12. f3 Qa5 13. Be5 dxe4 14.
Qf4 Nd5 15. Nxd5 cxd5 16. Bxg7 Rg8 17. Qxh6 Bd7 18. fxe4 O-O-O 19. exd5 Ba4 20. Bc4 exd5 21. Qxa6+ Qxa6 22. Bxa6+ Kb8 23. Be5+ Ka7 24. Bf1 Bc5 25. b3 Bc6 26. Bd4 Kb6 27. g3 Bxd4 28. Rxd4 Kc5 29.
c3 Rde8 30. Bd3 Re3 31. Kc2 Rh8 32. a4 Rxg3 33. hxg3 Rxh1 34. b4+ Kd6 35. b5 Bd7 36. a5 Rg1 37. a6 Kc5 38. Ra4 Rg2+ 39. Kb3 Rxg3 40.
a7 Rxd3 41. a8=Q Bxb5 42. Qc8+ Kd6 43. Qb8+ 1-0